 Dungeon Crawl Stone Soup version 0.18-a0-1526-gcb34c7c (webtiles) character file.

18463 Arkorax the Fighter (level 12, -2/104 HPs)
             Began as a Yellow Draconian Chaos Knight on Mar 7, 2016.
             Slain by an elephant (8 damage)
             ... on level 3 of the Lair of Beasts on Mar 8, 2016.
             The game lasted 00:31:18 (19434 turns).

Arkorax the Fighter (DrCK)                         Turns: 19434, Time: 00:31:18

Health: -2/104     AC: 11    Str: 15    XL:     12   Next: 27%
Magic:  12/12      EV: 20    Int: 19    God:    Xom [...*..]
Gold:   677        SH:  0    Dex: 16    Spells: 0 memorised, 11 levels left

rFire  . . .     SeeInvis .     a - +0 mace (venom)
rCold  . . .     Gourm    .     (armour unavailable)
rNeg   . . .     Faith    .     (no shield)
rPois  .         Spirit   .     (helmet restricted)
rElec  +         Dismiss  .     B - +1 cloak
rCorr  +         Reflect  .     (no gloves)
SustAt .         Harm     .     e - +0 pair of boots
MR     .....                    (no amulet)
Stlth  +++.......               y - +5 ring of intelligence
                                H - +2 ring of evasion

@: not resistant to hostile enchantments, fairly stealthy
A: spit acid, acid resistance, unfitting armour, horns 1, camouflage 1, blink,
clever 1, frail 1, sense surroundings 1, electricity resistance, cold-blooded,
AC +8
a: Spit Acid, Blink, Renounce Religion


You were on level 3 of the Lair of Beasts.
You worshipped Xom.
You were a favourite toy of Xom.
You were not hungry.

You visited 2 branches of the dungeon, and saw 13 of its levels.

You collected 677 gold pieces.

Inventory:

Hand Weapons
 a - a +0 mace of venom (weapon)
 j - a -2 whip
Armour
 e - a +0 pair of boots (worn)
 B - a +1 cloak (worn)
Jewellery
 y - a +5 ring of intelligence (right hand)
 z - an uncursed amulet of harm
 H - a +2 ring of evasion (left hand)
 N - a +2 ring of intelligence
 O - a cursed -2 ring of protection {unknown}
Wands
 m - a wand of flame (16/48)
 u - a wand of random effects (34/48)
 x - a wand of slowing (13/48)
 A - a wand of lightning (0/15)
 G - a wand of paralysis (17/24)
 J - a wand of iceblast (2/15)
 M - a wand of paralysis (13/24)
Scrolls
 d - 7 scrolls of identify
 f - 2 scrolls of enchant armour
 g - 7 scrolls of remove curse
 i - 3 scrolls of fear
 l - a scroll of immolation
 o - a scroll of silence
 q - 2 scrolls of random uselessness
 L - a scroll of amnesia
 Q - a scroll of recharging
Potions
 h - a potion of might
 k - 2 potions of cancellation
 r - a potion of mutation
 t - a potion of agility
 w - 4 potions of flight
 C - 3 potions of brilliance
 F - 2 potions of resistance
 P - a potion of magic
 R - a potion of berserk rage {unknown}
Books
 p - a book of Clouds

   Spells                             Type                      Level
   a - Mephitic Cloud                 Conjuration/Poison/Air       3
   b - Conjure Flame                  Conjuration/Fire             3
   c - Poisonous Cloud                Conjuration/Poison/Air       6
   d - Freezing Cloud                 Conjuration/Ice/Air          6
   e - Ring of Flames                 Charms/Fire                  7
 v - a book of Minor Magic

   Spells                             Type                      Level
   a - Magic Dart                     Conjuration                  1
   b - Blink                          Translocation                2
   c - Call Imp                       Summoning                    2
   d - Repel Missiles                 Charms/Air                   2
   e - Slow                           Hexes                        2
   f - Conjure Flame                  Conjuration/Fire             3
   g - Mephitic Cloud                 Conjuration/Poison/Air       3
 E - a book of Spatial Translocations

   Spells                             Type                      Level
   a - Apportation                    Translocation                1
   b - Blink                          Translocation                2
   c - Shroud of Golubria             Charms/Translocation         2
   d - Portal Projectile              Translocation                3
   e - Teleport Other                 Translocation                3
   f - Passage of Golubria            Translocation                4
 I - a book of Envenomations

   Spells                             Type                      Level
   a - Spider Form                    Transmutation/Poison         3
   b - Olgreb's Toxic Radiance        Poison                       4
   c - Alistair's Intoxication        Transmutation/Poison         5
   d - Poisonous Cloud                Conjuration/Poison/Air       6
Comestibles
 b - 2 bread rations
 c - 3 meat rations
 n - 5 fruits
 s - 6 beef jerkies
 D - 8 slices of pizza
 K - a royal jelly


   Skills:
 * Level 13.8 Fighting
 * Level 13.1 Maces & Flails
 + Level 8.7 Dodging


You had 11 spell levels left.
You didn't know any spells.

Dungeon Overview and Level Annotations

Branches:
Dungeon (10/15)            Temple (0/1) D:4            Lair (3/8) D:9
    Orc (0/2) D:10
  Swamp: Lair:3-6    Shoals: Lair:3-6     Snake: Lair:3-6    Spider: Lair:3-6

Altars:
Elyvilon
Kikubaaqudgha
Sif Muna
The Shining One

Shops:
D:6 (

Annotations:
D:6 Arkorax's ghost, novice DsGl
D:10 Snorg


Innate Abilities, Weirdness & Mutations

You can spit globs of acid.
You are resistant to acid.
Your golden yellow scales are hard (AC +8).
Your body does not fit into most forms of armour.
You are cold-blooded and may be slowed by cold attacks.
You have a pair of small horns on your head.
Your skin changes colour to match your surroundings (Stealth).
You can translocate small distances at will.
Your mind is acute. (Int +2)
You are frail (-10% HP).
You passively map a small area around you.
You are resistant to electric shocks.


Message History

You hit the griffon.
The griffon looks even sicker.
The griffon is lightly wounded.
The griffon closely misses you. The griffon pecks you.
* * * LOW HITPOINT WARNING * * *
The griffon barely misses you. The elephant tramples you!
* * * LOW HITPOINT WARNING * * *
You hold your ground!
The elephant misses you.
You hit the griffon but do no damage. You tail-slap the griffon.
The griffon is moderately wounded.
The elephant tramples you but does no damage.
The elephant trunk-slaps you.
* * * LOW HITPOINT WARNING * * *
The griffon barely misses you. The griffon completely misses you.
The griffon misses you.
You hit the griffon. Your headbutt misses the griffon.
You tail-slap the griffon.
The griffon is moderately wounded.
The elephant tramples you!
You die...
Xom roars with laughter!

............## #...P# #...
............P### ###....#######..
............##.###.##...#..#..#..
...........................>.....
.................................
####...####.....##...............
##..P##....#######............
###..####..##### ##............
###.....P##...##@###.............
..............SHYYrr.............
..............rrrrH..............
...............rrr.....##..#P#...
.......................#.#####...
.......................########..
.......................P#..##.#..
.................................
.....................)...........


You could see 2 elephants, a griffon, a hippogriff, a water moccasin and 9 river
rats.

Vanquished Creatures
  Erolcha (D:9)
  Nergalle (Lair:1)
  An elephant (Lair:3)
  2 black mambas
  Psyche (D:10)
  4 spiny frogs
  4 komodo dragons (Lair:2)
  A two-headed ogre (D:8)
  9 blink frogs
  Grinder (D:4)
  Sigmund (D:4)
  A human (D:7)
  11 yaks
  2 basilisks (Lair:3)
  A hungry ghost (D:7)
  A hippogriff (Lair:1)
  6 wolves (Lair:3)
  6 water moccasins
  A hell hound (D:8)
  8 porcupines
  The ghost of Arkorax the Ruffian, an amateur DDMo (D:4)
  6 ice beasts
  An orc warrior (D:9)
  3 wasps
  2 phantoms
  A black bear (D:8)
  2 ogres
  A centaur (D:9)
  4 sky beasts
  13 crocodiles
  16 giant frogs
  A water moccasin skeleton (D:8)
  A scorpion (D:8)
  17 killer bees
  5 wights (D:10)
  A howler monkey (D:5)
  4 jellies
  8 crimson imps
  A centaur zombie (D:10)
  4 giant frog skeletons
  6 orc wizards
  3 centaur skeletons
  6 iguanas
  Natasha (D:4)
  4 worker ants
  A killer bee zombie (D:9)
  4 sheep (D:7)
  A hound skeleton (D:4)
  A howler monkey zombie (D:5)
  2 worker ant zombies
  3 gnolls (D:2)
  19 river rats
  An adder (shapeshifter) (D:4)
  18 adders
  2 shadow imps (D:9)
  An adder zombie (D:8)
  3 adder skeletons
  6 giant geckos
  17 orcs
  15 bats
  6 giant cockroaches
  9 goblins
  5 hobgoblins
  13 jackals
  5 quokkas
  4 ball pythons
  A giant gecko skeleton (D:4)
  4 giant newts
  A jackal skeleton (D:5)
  9 kobolds
  A quokka skeleton (D:4)
  20 rats
347 creatures vanquished.

Vanquished Creatures (collateral kills)
  A komodo dragon (Lair:3)
  A scorpion (D:7)
  5 river rats (Lair:3)
  A jackal (D:8)
8 creatures vanquished.

Vanquished Creatures (others)
  A worker ant (D:4)
  A rat (D:8)
  6 fungi
  3 plants
11 creatures vanquished.

Grand Total: 366 creatures vanquished

Notes
Turn   | Place    | Note
--------------------------------------------------------------
     0 | D:1      | Arkorax the Draconian Chaos Knight began the quest for the Orb.
     0 | D:1      | Reached XP level 1. HP: 19/19 MP: 1/1
     2 | D:1      | Noticed a felid
     2 | D:1      | Noticed a ghoul
     4 | D:1      | Noticed a tengu
     4 | D:1      | Noticed a draconian
     7 | D:1      | Noticed a merfolk
     9 | D:1      | Noticed a demonspawn
     9 | D:1      | Noticed a troll
    13 | D:1      | Noticed a naga
    13 | D:1      | Noticed a formicid
    15 | D:1      | Noticed a vine stalker
    15 | D:1      | Noticed a human
    17 | D:1      | Noticed an octopode
    17 | D:1      | Noticed a spriggan
    19 | D:1      | Noticed a gargoyle
    19 | D:1      | Noticed a dwarf
    21 | D:1      | Noticed a minotaur
    21 | D:1      | Noticed a halfling
    23 | D:1      | Noticed a centaur
    23 | D:1      | Noticed a vampire
    25 | D:1      | Noticed an ogre
    27 | D:1      | Noticed an elf
    27 | D:1      | Noticed a demigod
    77 | D:1      | XOM: smoke on damage
    90 | D:1      | Reached XP level 2. HP: 19/26 MP: 2/2
   161 | D:1      | XOM: harmless Fire miscast
   330 | D:1      | XOM: harmless Erth miscast
   331 | D:1      | XOM: mild Fire miscast
   380 | D:1      | XOM: divination: detect creatures
   440 | D:1      | Reached XP level 3. HP: 17/33 MP: 3/3
   654 | D:1      | XOM: harmless Chrm miscast
   699 | D:1      | XOM: silly message
  1103 | D:2      | Found a glowing golden altar of the Shining One.
  1227 | D:2      | XOM: potion effect (agility)
  1268 | D:2      | XOM: mild Hex miscast
  1396 | D:2      | XOM: noise
  1405 | D:2      | Reached XP level 4. HP: 20/40 MP: 4/4
  2349 | D:2      | XOM: mild Chrm miscast
  2572 | D:3      | XOM: cast spell 'Ice Form'
  3143 | D:4      | Noticed a wasp
  3143 | D:4      | a worm changed into a wasp
  3144 | D:4      | Killed a wasp
  3144 | D:4      | Reached skill level 5 in Fighting
  3144 | D:4      | Reached XP level 5. HP: 43/48 MP: 5/5
  3176 | D:4      | Reached skill level 5 in Maces & Flails
  3176 | D:4      | Reached XP level 6. HP: 19/56 MP: 6/6
  3579 | D:4      | Noticed an ice beast
  3595 | D:4      | XOM: noise
  3602 | D:4      | XOM: summons friendly crimson imp
  3639 | D:4      | Killed an ice beast
  3983 | D:4      | XOM: harmless Summ miscast
  4031 | D:4      | XOM: polymorph ball python -> adder
  4073 | D:4      | Noticed Grinder
  4073 | D:4      | XOM: confusion (+ monsters)
  4094 | D:4      | XOM: confusion (+ monsters)
  4132 | D:4      | Killed Grinder
  4132 | D:4      | Your scales start taking on a golden yellow colour.
  4132 | D:4      | Reached XP level 7. HP: 39/64 MP: 7/7
  4278 | D:4      | Noticed Sigmund
  4293 | D:4      | Killed Sigmund
  4303 | D:4      | Noticed Arkorax's ghost (amateur DDMo)
  4324 | D:4      | Killed Arkorax's ghost
  4484 | D:4      | XOM: harmless Trmt miscast
  4563 | D:4      | Noticed Natasha
  4572 | D:4      | XOM: enchant monster (good)
  4573 | D:4      | Killed Natasha
  4578 | D:4      | Found a staircase to the Ecumenical Temple.
  4585 | D:4      | XOM: polymorph ogre -> giant frog
  4586 | D:4      | XOM: cast spell 'Cause Fear'
  4597 | D:4      | HP: 3/66 [giant frog (6)]
  4599 | D:4      | Reached XP level 8. HP: 4/73 MP: 8/8
  5054 | D:5      | Entered Level 5 of the Dungeon
  5054 | D:5      | XOM: give mutations
  5054 | D:5      | Gained mutation: Your spells are a little harder to cast, but a little more powerful. [Xom's mischief]
  5054 | D:5      | Gained mutation: You are frail (-10% HP). [Xom's mischief]
  5054 | D:5      | Gained mutation: You are very frail (-20% HP). [Xom's mischief]
  5054 | D:5      | Lost mutation: You are very frail (-20% HP). [Xom's mischief]
  5148 | D:4      | Lost mutation: You are frail (-10% HP). [potion of cure mutation]
  5148 | D:4      | Lost mutation: Your spells are a little harder to cast, but a little more powerful. [potion of cure mutation]
  5241 | D:5      | Found a white marble altar of Elyvilon.
  5298 | D:5      | XOM: 7-stop teleportation journey
  5462 | D:5      | XOM: divination: detect items
  5464 | D:5      | XOM: give mutations
  5464 | D:5      | Gained mutation: You are dopey. (Int -2) [Xom's mischief]
  5464 | D:5      | Gained mutation: You are resistant to electric shocks. [Xom's mischief]
  5466 | D:5      | XOM: enchant monster (good)
  5467 | D:5      | XOM: cast spell 'Ring of Flames'
  5474 | D:5      | XOM: blink monster(s)
  5619 | D:5      | XOM: mild Fire miscast
  5623 | D:5      | XOM: 1-stop teleportation journey
  5721 | D:5      | XOM: god gift: potion of lignification
  5756 | D:5      | XOM: enchant monster (bad)
  5816 | D:5      | Found a deep blue altar of Sif Muna.
  5821 | D:5      | Found a glowing golden altar of the Shining One.
  5823 | D:5      | Found an ancient bone altar of Kikubaaqudgha.
  5824 | D:5      | Found a white marble altar of Elyvilon.
  6028 | D:6      | Noticed Arkorax's ghost (novice DsGl)
  6045 | D:6      | XOM: harmless Air miscast
  6117 | D:6      | XOM: mild Divn miscast
  6146 | D:6      | HP: 3/74 [Arkorax's ghost (13)]
  6332 | D:5      | XOM: harmless Fire miscast
  6471 | D:6      | XOM: torment (38/74 hp)
  6558 | D:5      | XOM: god gift: 43 gold pieces
  6750 | D:6      | XOM: polymorph adder -> goblin
  6819 | D:6      | Found Ustran's Antique Weapon Emporium.
  6881 | D:6      | Reached skill level 5 in Dodging
  6959 | D:6      | XOM: give mutations
  6959 | D:6      | Gained mutation: You have a pair of small horns on your head. [Xom's grace]
  6959 | D:6      | Gained mutation: Your tail ends in a poisonous barb. [Xom's grace]
  6959 | D:6      | Lost mutation: You are dopey. (Int -2) [Xom's grace]
  7058 | D:6      | XOM: confusion (+ monsters)
  7093 | D:6      | XOM: 4-stop teleportation journey
  7300 | D:7      | XOM: cast spell 'Summon Horrible Things'
  7381 | D:7      | Reached XP level 9. HP: 82/82 MP: 9/9
  7414 | D:7      | XOM: enchant monster (good)
  7593 | D:7      | XOM: vitrification
  7733 | D:7      | XOM: 1-stop teleportation journey
  8043 | D:8      | XOM: god gift: metal-bound book {god gift}
  8106 | D:8      | Found a glowing golden altar of the Shining One.
  8106 | D:8      | XOM: 3-stop teleportation journey
  8523 | D:8      | XOM: summons friendly ufetubus
  8534 | D:8      | Reached skill level 10 in Fighting
  8936 | D:8      | XOM: medium Fire miscast
  9265 | D:8      | XOM: harmless Tloc miscast
  9310 | D:8      | XOM: 5-stop teleportation journey
  9493 | D:9      | XOM: fog
  9508 | D:8      | Reached XP level 10. HP: 33/94 MP: 10/10
  9885 | D:8      | XOM: colour smoke trail
 10024 | D:9      | Reached skill level 10 in Maces & Flails
 10327 | D:9      | XOM: enchant monster (good)
 10343 | D:9      | XOM: potion effect (heal wounds)
 10352 | D:8      | XOM: smoke on damage
 10363 | D:8      | XOM: harmless Trmt miscast
 10368 | D:8      | XOM: confusion (+ monsters)
 10373 | D:8      | XOM: divination: detect creatures
 10755 | D:8      | XOM: confusion (+ monsters)
 10757 | D:8      | XOM: 2-stop teleportation journey
 11120 | D:9      | XOM: potion effect (brilliance)
 11220 | D:9      | Found a staircase to the Lair.
 11462 | D:9      | XOM: smoke on damage
 11722 | D:9      | Noticed Erolcha
 11725 | D:9      | XOM is BORED!
 11725 | D:9      | XOM: silly message
 11733 | D:9      | Killed Erolcha
 11813 | D:9      | XOM: harmless Fire miscast
 12130 | D:10     | Entered Level 10 of the Dungeon
 12141 | D:10     | Found a staircase to the Orcish Mines.
 12218 | D:10     | Noticed Snorg
 12296 | D:10     | XOM: harmless Fire miscast
 12536 | D:10     | XOM: confuse monster(s)
 12550 | D:10     | Reached XP level 11. HP: 98/104 MP: 11/11
 12572 | D:10     | XOM is BORED!
 12572 | D:10     | XOM: mild Erth miscast
 12576 | D:10     | XOM: colour smoke trail
 12603 | D:10     | XOM: cast spell 'Ring of Flames'
 12808 | D:10     | Noticed Psyche
 12820 | D:10     | XOM: smoke on damage
 12826 | D:10     | Killed Psyche
 12868 | D:10     | XOM: divination: detect creatures
 12973 | D:9      | XOM: cast spell 'Statue Form'
 12995 | Lair:1   | Entered Level 1 of the Lair of Beasts
 13236 | Lair:1   | Noticed Nergalle
 13236 | Lair:1   | XOM: divination: detect items
 13254 | Lair:1   | Killed Nergalle
 13279 | Lair:1   | XOM: divination: magic mapping
 13454 | Lair:1   | XOM: summons 5 hostile shadow creatures
 13850 | Lair:2   | XOM: divination: detect items
 13855 | Lair:2   | XOM: 1-stop teleportation journey
 13863 | Lair:2   | XOM: fake destruction
 13878 | Lair:2   | XOM: 3-stop teleportation journey
 13949 | Lair:2   | XOM: give mutations
 13949 | Lair:2   | Gained mutation: Your skin changes colour to match your surroundings (Stealth). [Xom's grace]
 13949 | Lair:2   | Gained mutation: Your mind is acute. (Int +2) [Xom's grace]
 13949 | Lair:2   | Gained mutation: Your muscles are strong. (Str +2) [Xom's grace]
 13949 | Lair:2   | Gained mutation: You can translocate small distances at will. [Xom's grace]
 14090 | Lair:2   | XOM: potion effect (haste)
 14383 | Lair:2   | XOM: enchant monster (good)
 14543 | Lair:2   | XOM is BORED!
 14543 | Lair:2   | XOM: give mutations
 14543 | Lair:2   | Lost mutation: Your muscles are strong. (Str +2) [Xom's mischief]
 14543 | Lair:2   | Gained mutation: You are frail (-10% HP). [Xom's mischief]
 14543 | Lair:2   | Lost mutation: Your tail ends in a poisonous barb. [Xom's mischief]
 14556 | Lair:2   | XOM: fog
 14707 | Lair:2   | XOM: cast spell 'Spider Form'
 15221 | Lair:1   | XOM: 8-stop teleportation journey
 15734 | Lair:2   | XOM: mild Chrm miscast
 15743 | Lair:2   | XOM: god gift: 8 gold pieces
 15798 | Lair:2   | XOM: blink monster(s)
 16101 | Lair:2   | XOM: vitrification
 16315 | Lair:2   | XOM: cast spell 'Statue Form'
 16642 | Lair:2   | XOM: confuse monster(s)
 16781 | Lair:2   | XOM: god gift: scroll of immolation
 16928 | Lair:3   | XOM: summons 8 friendly demons
 16987 | Lair:2   | XOM: give mutation
 16987 | Lair:2   | Gained mutation: You passively map a small area around you. [Xom's mischief]
 17080 | Lair:2   | XOM: divination: detect creatures
 17160 | Lair:3   | XOM: cast spell 'Ice Form'
 17308 | Lair:3   | XOM is BORED!
 17308 | Lair:3   | XOM: medium Pois miscast
 17460 | Lair:3   | XOM: summons 11 friendly demons
 17470 | Lair:3   | Reached XP level 12. HP: 48/103 MP: 12/12
 17695 | Lair:3   | XOM: swap monsters
 17698 | Lair:3   | XOM: fog
 17718 | Lair:3   | XOM: swap monsters
 17775 | Lair:3   | XOM: medium Divn miscast
 17966 | Lair:3   | Found a deep blue altar of Sif Muna.
 17982 | Lair:3   | Upgraded the game from 0.18-a0-1523-gbe15c29 to 0.18-a0-1526-gcb34c7c
 18040 | Lair:3   | XOM: mild Summ miscast
 18043 | Lair:3   | XOM: enchant monster (bad)
 18239 | Lair:3   | XOM: colour smoke trail
 18310 | Lair:3   | XOM: harmless Fire miscast
 18483 | Lair:3   | XOM: harmless Chrm miscast
 19423 | Lair:3   | XOM: summons 4 hostile shadow creatures
 19424 | Lair:3   | XOM: summons friendly shadow imp
 19434 | Lair:3   | Slain by an elephant

Vault maps used:
D:1:      kb_arrival_jail
D:2:      tso_altar
D:3:      first_bread
D:4:      minmay_temple_entry_enclosed_plants, uniq_natasha, uniq_grinder,
          uniq_sigmund
D:5:      minitemple, elyvilon_altar_4
D:6:      serial_shops, shop, st_stairs_10
D:7:      grunt_livestock
D:8:      basic_altar
D:9:      grunt_lair_entry_orc_guard_hut, uniq_erolcha
D:10:     orc_0_dummy, uniq_psyche, uniq_snorg, uniq_sonja
Lair:1:   serial_bayou_crossing, serial_bayou_shore_b, uniq_nergalle
Lair:2:   nicolae_volcano_entry_two_sided, infiniplex_staircase_pool,
          serial_bayou_shore_b
Lair:3:   basic_altar, minivault_23

Skill      XL: |  1  2  3  4  5  6  7  8  9 10 11 12 |
---------------+-------------------------------------+-----
Fighting       | 4 5 6 7 8 10 11 13 | 13.8
Maces & Flails | 4 5 6 8 9 11 12 13 | 13.1
Dodging        | 3 4 5 6 7 8 |  8.7

Action                   |  1- 3 |  4- 6 |  7- 9 | 10-12 || total
-------------------------+-------+-------+-------+-------++-------
Melee: Mace              |    95 |   166 |   501 |   837 ||  1599
       Whip              |    92 |       |       |       ||    92
       Unarmed           |       |     1 |       |     6 ||     7
Throw: Throwing net      |       |     1 |       |       ||     1
 Abil: Spit Acid         |       |       |     3 |    14 ||    17
Evoke: Wand              |       |       |       |     5 ||     5
  Use: Scroll            |     6 |       |     5 |    12 ||    23
       Potion            |       |     7 |     9 |     2 ||    18
 Stab: Sleeping          |     3 |       |     1 |     4 ||     8
       Petrified         |       |     1 |     2 |       ||     3
       Petrifying        |       |     1 |     2 |       ||     3
       Confused          |       |       |     4 |     5 ||     9
       Distracted        |       |       |     2 |     1 ||     3
       Paralysed         |       |       |     1 |       ||     1
  Eat: Chunk             |     2 |     6 |     3 |    10 ||    21
       Bread ration      |       |     1 |     4 |     3 ||     8
       Meat ration       |       |       |       |     2 ||     2
